 Dungeon Crawl Stone Soup version 0.30-a0-596-g0af90f9a20 (webtiles) character file.

Game seed: 13502636472638224142

1392 PyroL the Nimble (level 8, -10/42 HPs)
             Began as a Spriggan Hunter on Jan 7, 2023.
             Hit by a large rock thrown by a cyclops (52 damage)
             ... on level 6 of the Dungeon.
             The game lasted 00:07:33 (3584 turns).

PyroL the Nimble (Spriggan Hunter)                  Turns: 3584, Time: 00:07:34

Health: -10/42     AC:  3    Str:  7    XL:     8   Next: 41%
Magic:  9/9        EV: 23    Int: 11    God:
Gold:   359        SH:  0    Dex: 20    Spells: 7/7 levels left

rFire   + . .      SeeInvis +    y - +2 sling (freeze)
rCold   . . .      Faith    .    (no shield)
rNeg    + . .      Spirit   .    c - +1 robe
rPois   .          Reflect  .    (helmet restricted)
rElec   .          Harm     .    (no cloak)
rCorr   .          Rampage  .    (gloves unavailable)
Will    +....                    (boots unavailable)
Stlth   ++                       s - amulet of regeneration
HPRegen 1.07/turn                p - ring of protection from fire
MPRegen 0.11/turn                x - ring of positive energy

@: very quick
A: very small, no large weapons, unfitting armour, see invisible, speed 3
a: no special abilities


You were on level 6 of the Dungeon.
You visited 1 branch of the dungeon, and saw 6 of its levels.

You collected 379 gold pieces.
You spent 20 gold pieces at shops.

Inventory:

Hand Weapons
 a - a +1 shortbow
 y - a +2 sling of freezing (weapon)
 A - a +0 rapier of speed
Missiles
 k - 6 boomerangs
 r - 4 poisoned darts
 E - 2 throwing nets
Armour
 c - a +1 robe (worn)
Jewellery
 p - a ring of protection from fire (left hand)
 s - an amulet of regeneration (around neck)
 x - a ring of positive energy (right hand)
Scrolls
 b - 2 scrolls of immolation
 g - a scroll of butterflies {unknown}
 h - a scroll of magic mapping {unknown}
 j - a scroll of enchant armour
 l - 2 scrolls of enchant weapon
 m - 4 scrolls of poison {unknown}
 n - 4 scrolls of teleportation
 q - 2 scrolls of vulnerability
 u - a scroll of fear
 w - a scroll of fog {unknown}
 D - a scroll of noise {unknown}
Potions
 d - 2 potions of invisibility
 e - a potion of mutation {unknown}
 f - 4 potions of curing
 i - 2 potions of resistance {unknown}
 o - a potion of degeneration {unknown}
 t - a potion of attraction {unknown}
 v - 4 potions of haste
 z - a potion of lignification {unknown}
 B - 2 potions of heal wounds {unknown}
 C - a potion of ambrosia {unknown}
 F - a potion of magic {unknown}


   Skills:
 + Level 4.9 Fighting
 + Level 7.6 Ranged Weapons
 - Level 8.0 Dodging
 - Level 1.5 Stealth


You had 7 spell levels left.
You didn't know any spells.
Your spell library contained the following spells:

 Spells                   Type           Power      Damage    Failure   Level
 Gell's Gravitas          Tloc           0%         N/A       71%         3
 Teleport Other           Tloc           0%         N/A       71%         3
 Dispersal                Tloc           0%         N/A       100%        6


Dungeon Overview and Level Annotations

Branches:
Dungeon (6/15)
 Temple: D:4-7

Altars:
Sif Muna

Shops:
D:4 ?


Innate Abilities, Weirdness & Mutations

You are very small and have problems with some larger weapons.
You are too small for most types of armour.
You have supernaturally acute eyesight. (SInv)
You cover ground extremely quickly. (Speed+++)


Message History

You shoot a sling bullet.
The sling bullet hits the two-headed ogre!
The sling bullet freezes the two-headed ogre.
The two-headed ogre is almost dead.
You shoot a sling bullet.
The sling bullet hits the two-headed ogre!
The sling bullet freezes the two-headed ogre.
The two-headed ogre is almost dead.
You shoot a sling bullet.
The sling bullet hits the two-headed ogre but does no damage.
The two-headed ogre is almost dead.
You shoot a sling bullet.
The sling bullet barely misses the two-headed ogre.
The sling bullet hits the cyclops.
The sling bullet freezes the cyclops.
The cyclops is lightly wounded.
The two-headed ogre hits you with a +0 giant club!
The two-headed ogre closely misses you. The two-headed ogre misses you.
The two-headed ogre barely misses you.
You climb upwards.
There is a stone staircase leading down here.
You shoot a sling bullet.
The sling bullet hits the two-headed ogre.
The sling bullet freezes the two-headed ogre.
You kill the two-headed ogre!
Your Fighting skill increases to level 4!
Your Ranged Weapons skill increases to level 7!
You have reached level 8!
Things that are here:
a +0 giant club; a +0 giant club; a two-headed ogre corpse HP restored.
There is a stone staircase leading down here.
You climb downwards.
There is a stone staircase leading up here.
The cyclops shouts!
You shoot a sling bullet. The sling bullet hits the cyclops.
The sling bullet freezes the cyclops.
The cyclops is lightly wounded.
The cyclops throws a large rock.
The large rock hits you!!!
Ouch! That really hurt!
You die...

###...##.#
#....C##.#
####..##O####
#..##....#
#........#
##.#####.# ###
#.#####.##
#...##<........
####
♣...@#####.##
.... #....##.#
#.# #### #.._
#.#
#.##########
#.. #.#
#........... #.
#.#
#.########## #
#.#####.#
#...<...#
#########


You could see a cyclops.

Vanquished Creatures
  A two-headed ogre (D:5)
  2 centaurs (D:6)
  A phantom (D:4)
  A scorpion (D:5)
  5 hounds
  A jelly (D:4)
  2 iguanas (D:4)
  2 orc wizards (D:5)
  3 gnolls (D:3)
  12 adders
  A shadow imp (D:5)
  An ufetubus (D:5)
  A worm (D:2)
  8 orcs
  9 ball pythons
  6 bats
  11 endoplasms
  4 giant cockroaches
  11 hobgoblins
  4 quokkas
  3 frilled lizards
  7 goblins
  9 kobolds
  4 rats
109 creatures vanquished.

Notes
Turn   | Place    | Note
-------+----------+-------------------------------------------
     0 | D:1      | PyroL the Spriggan Hunter began the quest for the Orb.
     0 | D:1      | Reached XP level 1. HP: 10/10 MP: 2/2
   104 | D:1      | Reached skill level 3 in Dodging
   146 | D:1      | Reached XP level 2. HP: 13/14 MP: 3/3
   947 | D:2      | Reached XP level 3. HP: 18/18 MP: 4/4
  1265 | D:2      | Reached skill level 4 in Dodging
  1471 | D:2      | Reached XP level 4. HP: 22/22 MP: 5/5
  1525 | D:2      | Reached skill level 5 in Ranged Weapons
  1667 | D:3      | Reached skill level 5 in Dodging
  1844 | D:3      | Reached XP level 5. HP: 20/25 MP: 6/6
  1866 | D:3      | Found a faded altar of an unknown god.
  1879 | D:3      | Found a faded altar of an unknown god.
  2145 | D:4      | Reached skill level 6 in Dodging
  2224 | D:4      | Found Zisiopro's Magic Scroll Emporium.
  2235 | D:4      | Bought a scroll of identify for 20 gold pieces
  2294 | D:4      | Noticed a phantom
  2333 | D:4      | Killed a phantom
  2334 | D:4      | Reached skill level 7 in Dodging
  2402 | D:4      | Reached XP level 6. HP: 30/30 MP: 7/7
  2529 | D:4      | Reached skill level 8 in Dodging
  2850 | D:5      | Entered Level 5 of the Dungeon
  2922 | D:5      | Reached XP level 7. HP: 32/35 MP: 8/8
  3458 | D:6      | Found a shimmering blue altar of Sif Muna.
  3486 | D:6      | Noticed a two-headed ogre
  3520 | D:6      | Noticed a cyclops
  3549 | D:5      | Killed a two-headed ogre
  3550 | D:5      | Reached XP level 8. HP: 33/42 MP: 9/9
  3584 | D:6      | Hit by a large rock thrown by a cyclops

Illustrated notes

Levels and vault maps discovered:
D:1:      kennysheep_arrival_forest, layout_basic
D:2:      layout_basic
D:3:      layout_rooms, serial_corexii_hall, chequers_hall_statues_wall_a,
          corexii_hall_statues_i, corexii_hall_statues_t,
          corexii_hall_statues_i, hellmonk_ecumenical_altar_the_god_not_taken
D:4:      layout_loops_ring, serial_shops, nicolae_lakefront_shop,
          minmay_misc_feat_secret_circle
D:5:      layout_cave_pools
D:6:      kennysheep_big_flooded_room, layout_loops_ring,
          mainiacjoe_overflow_tiny_flanked, uniq_maggie

Skill      XL: |  1  2  3  4  5  6  7 |
---------------+----------------------+-----
Dodging        | 3 4 5 7 8 |  8.0
Ranged Weapons | 5 7 |  7.6
Fighting       | 2 4 |  4.9
Stealth        | |  1.5

Action                   |  1- 3 |  4- 6 |  7- 9 || total
-------------------------+-------+-------+-------++-------
 Fire: Shortbow          |   140 |    77 |       ||   217
       Sling             |       |   112 |    62 ||   174
Throw: Dart              |       |       |     3 ||     3
  Use: Scroll            |     3 |     5 |       ||     8
Armor: Robe              |    10 |     3 |     1 ||    14
Dodge: Dodged            |    65 |    64 |    29 ||   158

Table legend: (Time is in decaauts)
 A = Elapsed time spent in this place.
 B = Non-inter-level travel time spent in this place.
 C = Inter-level travel time spent in this place.
 D = Time resting spent in this place.
 E = Time spent auto-exploring this place.
 F = Levels seen in this place.
 G = Mean time per level.
                   A        B        C        D        E       F      G
               +--------+--------+--------+--------+--------+-----+--------+
         Total |   2454 |   2337 |    117 |      0 |   1575 |   6 |  409.0 |
       Dungeon |   2454 |   2337 |    117 |      0 |   1575 |   6 |  409.0 |
               +--------+--------+--------+--------+--------+-----+--------+

Top non-repeatable levels by time:
     D:1: 606 daAuts
     D:2: 532 daAuts
     D:4: 508 daAuts
     D:5: 377 daAuts
     D:3: 337 daAuts
     D:6: 91 daAuts
